Map: Prion Terraces

Players

PSiArcYanmoo (PSiArc)

  • Race: Terran Terran
  • League: Grandmaster

Seither - Winner!

  • Race: Terran Terran
  • League: Grandmaster

VOD

Have the link to the VOD?

Description

Time

  • Played on: Dec. 15, 2015, 5:49 a.m.
  • Length: 11:06
Show
View Real Time Build Order
Export as new Build Order

PSiArcYanmoo Terran 

Build Orders: Reaper Expand, MMM Bio 

Get SALT Encoding   

  12  0:01  SCV  
  13  0:13  SCV  
  14  0:17  Supply Depot  
  14  0:25  SCV  
  15  0:39  SCV  
  15  0:40  Barracks  
  16  0:47  Refinery  
  16  0:51  SCV  
  17  1:03  SCV  
  18  1:15  SCV  
  19  1:28  Orbital Command  
  19  1:31  Reaper  
  20  1:43  Command Center  
  20  1:53  Supply Depot  
  20  1:54  SCV  
  21  2:02  Refinery  
  21  2:04  Barracks Reactor  
  21  2:07  SCV  
  22  2:12  Bunker  
  22  2:20  SCV  
  23  2:29  Factory  
  23  2:32  SCV  
  23  2:40  Marine x2  
  25  2:47  SCV  
  26  2:54  Orbital Command  
  26  2:59  SCV, Marine x2  
  29  3:11  SCV  
  30  3:15  Factory Tech Lab, Starport  
  30  3:18  Marine x2  
  32  3:24  SCV  
  32  3:34  Cyclone  
  35  3:40  Marine x2  
  35  3:43  SCV  
  35  3:48  SCV  
  32  3:55  Viking  
  34  3:56  SCV  
  34  3:58  Engineering Bay  
  34  4:00  Marine  
  34  4:01  SCV  
  33  4:10  SCV  
  33  4:15  SCV  
  35  4:19  Factory Tech Lab  
  35  4:20  Marine  
  35  4:21  Marine  
  35  4:22  SCV  
  38  4:28  Missile Turret  
  38  4:34  SCV  
  38  4:36  Raven  
  41  4:38  SCV  
  42  4:46  SCV  
  42  4:48  Missile Turret  
  44  4:52  SCV  
  44  4:58  SCV  
  45  5:04  SCV  
  45  5:06  Supply Depot  
  46  5:14  Barracks Tech Lab  
  46  5:20  SCV  
  46  5:27  Supply Depot  
  46  5:28  SCV  
  47  5:29  Starport Reactor  
  47  5:30  Barracks x2  
  47  5:32  SCV  
  47  5:35  Stimpack, Marine  
  49  5:40  SCV  
  50  5:49  SCV  
  50  5:51  Siege Tank  
  50  5:52  SCV  
  50  5:53  Supply Depot  
  50  5:54  Marine  
  55  6:01  SCV, Refinery  
  55  6:02  Refinery  
  56  6:04  SCV  
  56  6:07  Supply Depot  
  57  6:14  SCV  
  57  6:15  Marine  
  59  6:22  SCV  
  59  6:24  Marine, Medivac x2  
  65  6:26  Marine  
  65  6:28  Barracks Reactor  
  66  6:32  Supply Depot  
  66  6:37  SCV  
  66  6:39  SCV  
  68  6:40  Marine  
  68  6:49  SCV  
  68  6:51  SCV  
  68  6:53  Marine  
  68  6:54  Marine  
  69  6:59  Marine  
  70  7:02  SCV  
  71  7:08  Marine  
  71  7:09  Marine  
  71  7:11  Marine, Medivac x2  
  71  7:13  Terran Infantry Weapons Level 1, Supply Depot  
  71  7:14  SCV  
  71  7:15  Supply Depot  
  79  7:20  SCV  
  79  7:22  Marine x2  
  82  7:23  Supply Depot  
  82  7:27  SCV  
  83  7:35  SCV  
  84  7:38  Supply Depot, Siege Tank, Marine x2  
  84  7:41  Combat Shields  
  89  7:45  SCV  
  90  7:51  Marine x3  
  90  7:56  Marine  
  94  8:02  Marine  
  95  8:09  Marine x3  
  95  8:10  Command Center  
  98  8:13  Marine  
  98  8:15  Siege Tank  
  102  8:20  Marine  
  102  8:27  Marine x3  
  102  8:28  Medivac  
  102  8:29  Medivac  
  102  8:31  Marine  
  110  8:41  Marine  
  110  8:44  Marine  
  110  8:45  Marine  
  110  8:46  Marine  
  114  8:52  Supply Depot x2  
  114  8:53  Factory  
  107  9:10  Marine x3  
  96  9:28  Marine x2  
  81  9:32  Marine  
  81  9:35  Orbital Command  
  81  9:37  SCV  
  83  9:40  Barracks  
  83  9:41  Barracks  
  83  9:45  Marine  
  83  9:46  Marine  
  83  9:50  Barracks, Marine  
  83  9:51  SCV  
  83  9:52  Barracks  
  87  9:55  Barracks  
  87  9:57  Refinery  
  87  9:59  SCV  
  88  10:02  Barracks Reactor  
  88  10:06  Marine x2  
  89  10:15  Marine  
  87  10:24  Marine x2  
  87  10:27  Marine x2  
  89  10:33  Marine  
  86  10:38  Marine x2  
  86  10:39  Marine x2  
  86  10:41  Marine  
  86  10:42  Factory, Marine  
  92  10:44  Barracks Reactor, Factory  
  92  10:45  Marine  
Show
View Real Time Build Order
Export as new Build Order

Seither Terran - Winner!

Build Orders: 1/1/1, MMM Bio, Banshee Rush 

Get SALT Encoding   

  12  0:00  SCV  
  13  0:12  SCV  
  14  0:18  Supply Depot  
  14  0:26  SCV  
  15  0:31  Refinery  
  15  0:39  SCV  
  16  0:45  Barracks  
  16  0:51  SCV  
  17  1:00  Refinery  
  17  1:03  SCV  
  18  1:15  SCV  
  19  1:32  Orbital Command  
  19  1:33  Reaper  
  19  1:39  Factory  
  20  1:42  Supply Depot  
  20  1:58  SCV  
  21  2:05  Reaper  
  22  2:10  SCV  
  24  2:22  SCV  
  24  2:23  Supply Depot  
  24  2:24  Hellion  
  24  2:25  Starport  
  26  2:34  SCV  
  27  2:45  Barracks Tech Lab  
  27  2:46  Hellion  
  27  2:47  SCV  
  30  2:53  Supply Depot  
  30  2:59  SCV  
  31  3:10  Banshee, Cloaking Field  
  31  3:11  SCV  
  35  3:13  Barracks Reactor  
  35  3:15  Widow Mine  
  37  3:23  SCV  
  38  3:35  SCV  
  39  3:47  SCV  
  38  3:50  Command Center  
  38  3:55  Banshee  
  38  3:59  SCV  
  40  4:11  SCV, Factory Tech Lab  
  40  4:12  Marine x2  
  41  4:23  SCV  
  42  4:25  Supply Depot  
  42  4:29  Marine  
  42  4:30  Marine  
  44  4:35  SCV  
  44  4:36  Siege Tank  
  45  4:44  Raven  
  47  4:47  Marine x2  
  47  4:48  SCV  
  50  5:00  SCV  
  50  5:01  Supply Depot  
  50  5:02  Orbital Command  
  50  5:06  Marine x2  
  53  5:08  Siege Tank  
  53  5:12  SCV  
  54  5:24  SCV  
  54  5:26  Refinery, Barracks  
  54  5:27  Barracks  
  55  5:36  SCV x2  
  55  5:38  Marine  
  55  5:39  Stimpack  
  55  5:41  Medivac  
  60  5:48  SCV x2  
  62  5:55  Siege Tank  
  63  6:00  SCV x2  
  65  6:07  Supply Depot  
  65  6:09  Engineering Bay, Barracks  
  65  6:10  Refinery, Barracks  
  65  6:12  SCV  
  65  6:18  Barracks Reactor x2  
  65  6:19  Medivac  
  65  6:22  SCV  
  65  6:24  SCV  
  69  6:28  Medivac  
  69  6:32  Supply Depot, Marine  
  71  6:34  SCV  
  71  6:36  SCV  
  71  6:39  Supply Depot  
  74  6:40  Terran Infantry Weapons Level 1  
  74  6:46  SCV  
  75  6:48  SCV  
  75  6:50  Marine  
  77  6:54  Marine x3  
  77  6:55  Marine  
  77  6:58  SCV  
  77  7:00  SCV  
  82  7:04  Barracks Reactor x2  
  82  7:10  SCV, Marine  
  82  7:11  Siege Tank, Medivac  
  82  7:12  Marine x2  
  82  7:13  SCV  
  90  7:15  Supply Depot  
  90  7:16  Supply Depot  
  90  7:21  Medivac  
  90  7:22  Marine x2  
  93  7:28  Marine  
  94  7:32  Marine x2  
  96  7:39  Marine  
  96  7:40  Marine  
  96  7:44  Command Center, Marine  
  98  7:45  Marine x3  
  98  7:46  Siege Tank, Marine  
  98  7:49  Marine  
  107  7:52  Combat Shields  
  107  7:58  Marine x2  
  107  7:59  Medivac x2, Marine  
  107  8:02  Marine x2  
  107  8:05  Supply Depot  
  115  8:07  SCV x2, Supply Depot  
  115  8:11  Marine  
  118  8:15  Armory  
  118  8:16  Engineering Bay  
  118  8:17  Supply Depot  
  118  8:21  Marine x2  
  117  8:28  Marine x3  
  117  8:32  Marine x4  
  117  8:33  Siege Tank, Medivac  
  129  8:40  Marine x2  
  131  8:46  Marine x3  
  131  8:47  Medivac  
  136  8:49  Marine  
  136  8:50  Marine x2  
  136  8:55  Terran Infantry Armor Level 1  
  136  9:03  Marine x4  
  136  9:04  Refinery  
  136  9:08  Refinery, Marine  
  136  9:09  Marine x3  
  142  9:15  Marine  
  141  9:21  Marine x2  
  137  9:27  Marine x4  
  137  9:28  Marine  
  113  9:32  Marine  
  113  9:33  Marine  
  113  9:37  SCV x2, Orbital Command  
  117  9:39  Marine  
  117  9:42  Marine  
  117  9:45  Marine  
  120  9:49  SCV  
  121  9:55  Marine x3  
  124  10:03  Marine x3  
  124  10:04  Marine x2  
  128  10:14  Marine  
  128  10:15  Marine x2  
  128  10:17  Siege Tank  
  133  10:28  Factory  
  128  10:29  Marine x2  
  128  10:34  Medivac x2  
  131  10:40  Marine x3  
  131  10:41  Marine x2  
  134  10:49  Command Center  
Tags
 
Add a new tag
Caveats
  • Supply blocks, unpowered buildings, or Contaminate may cause inaccurate times.
  • Supply counts are checked every 10 seconds.